Match 41897627
Unlisted

Match 41897627
End
Royal Engineer Section
Selects Air and Sea Battlegroup
Construct Section Command Post
Infantry Section
Vickers Machine Gun Team
Infantry Section
Construct Platoon Command Post
Selects Supply Surplus
Construct Field Infirmary
Humber Armored Car
6-pounder Anti-tank Gun Team
Selects Commando Section Paradrop
Commando Section Paradrop
Selects UNKNOWN (223837)
Construct Company Command Post
Centaur IV Medium Tank
Infantry Training
Commando Section Paradrop
Selects Commando Support Section Paradrop
Selects Incendiary Bombing Run
Incendiary Bombing Run
Centaur IV Medium Tank
Incendiary Bombing Run
Dullahan
Window Shopping
0
0

Comments sign in to comment!

No comments posted yet!